 Dungeon Crawl Stone Soup version 0.23.0 (webtiles) character file.

Game seed: 8962685241186162109

1518 Laan the Poker (level 8, -9/51 HPs)
             Began as a Gargoyle Gladiator on Feb 13, 2019.
             Mangled by an ogre
             ... wielding a +0 giant spiked club
              (20 damage)
             ... on level 6 of the Dungeon.
             The game lasted 00:11:02 (4732 turns).

Laan the Poker (Gargoyle Gladiator)                 Turns: 4732, Time: 00:11:03

Health: -9/51      AC: 17    Str: 20    XL:     8   Next: 84%
Magic:  8/8        EV: 10    Int:  9    God:
Gold:   171        SH:  0    Dex: 11    Spells: 7/7 levels left

rFire    . . .     SeeInvis .   B - +5 scythe (pain)
rCold    . . .     Gourm    .   (shield currently unavailable)
rNeg     + . .     Faith    .   x - +0 scale mail
rPois    ∞         Spirit   .   c - +0 helmet
rElec    +         Reflect  .   (no cloak)
rCorr    +         Harm     .   b - +0 pair of gloves
MR       +....                  i - +1 pair of boots
Stlth    ..........             (no amulet)
HPRegen  0.17/turn              s - ring of resist corrosion
MPRegen  0.11/turn              r - ring of protection from magic

@: no status effects
A: negative energy resistance 1, electricity resistance, unbreathing,
petrification resistance, rot immunity, AC +5
a: no special abilities


You were on level 6 of the Dungeon.
You were not hungry.

You visited 1 branch of the dungeon, and saw 6 of its levels.

You collected 171 gold pieces.

Inventory:

Hand Weapons
 a - a +0 trident
 B - a +5 scythe of pain (weapon)
Missiles
 j - 3 javelins
 o - 4 tomahawks (quivered)
Armour
 b - a +0 pair of gloves (worn)
 c - a +0 helmet (worn)
 i - a +1 pair of boots (worn)
 x - a +0 scale mail (worn)
Jewellery
 m - an uncursed ring of positive energy
 r - a ring of protection from magic (right hand)
 s - a ring of resist corrosion (left hand)
Scrolls
 d - 2 scrolls of fog
 g - a scroll of magic mapping {unknown}
 h - 5 scrolls of immolation
 n - 4 scrolls of teleportation
 u - 4 scrolls of fear {unknown}
 v - a scroll of amnesia
 y - 2 scrolls of noise {unknown}
Potions
 e - 2 potions of heal wounds
 k - a potion of brilliance
 l - 2 potions of curing
 p - 2 potions of haste
 q - 2 potions of mutation {unknown}
 t - a potion of might {unknown}
 w - a potion of magic {unknown}
 z - a potion of flight {unknown}
 A - a potion of lignification {unknown}
Comestibles
 f - 7 rations
 C - 5 chunks of flesh


   Skills:
 + Level 6.2 Fighting
 * Level 7.5 Polearms
 - Level 1.7 Throwing
 + Level 5.6 Armour
 - Level 2.4 Dodging


You had 7 spell levels left.
You didn't know any spells.
Your spell library contained the following spells:

 Spells                   Type           Power        Failure   Level  Hunger
 Magic Dart               Conj           #...         71%         1    ##.....
 Searing Ray              Conj           #.....       85%         2    ###....
 Dazzling Spray           Conj/Hex       #.....       97%         3    ####...
 Force Lance              Conj/Tloc      #.......     100%        4    #####..
 Fulminant Prism          Conj/Hex       #.........   100%        4    #####..
 Iskenderun's Mystic Bla  Conj           #.......     100%        4    #####..


Dungeon Overview and Level Annotations

Branches:
Dungeon (6/15)
 Temple: D:4-7

Altars:
Trog
Wu Jian

Shops:
D:4 *

Annotations:
D:4 3 runed translucent doors, martbhell's ghost, amateur MiBe


Innate Abilities, Weirdness & Mutations

You are resistant to torment.
Your stone body is resilient. (AC +5)
You are immune to poison.
You resist negative energy. (rN+)
You are resistant to electric shocks. (rElec)
You can survive without breathing.
You are immune to petrification.
You are immune to rotting.


Message History

An orc comes into view. It is wielding a +0 dagger.
The ogre hits you with a +0 giant spiked club.
The orc shouts!
You slash the ogre!
The ogre is heavily wounded.
An orc comes into view. It is wielding a +1 mace of protection.
The ogre hits you with a +0 giant spiked club.
You are too injured to fight recklessly!
You slash the ogre!
The ogre is severely wounded.
The ogre hits you with a +0 giant spiked club!
* * * LOW HITPOINT WARNING * * *
You see here 5 gold pieces.
There is a stone staircase leading up here.
The ogre misses you.
There is a stone staircase leading up here.
You barely miss the ogre.
The ogre is severely wounded.
The ogre hits you with a +0 giant spiked club!!
You die...

#####
#...###########
#.#.ooO@.......
#...###########
##$## #.# #.#
..o #.o.# .....
##..##.


You could see an ogre and 2 orcs.

Vanquished Creatures
  Sigmund (D:5)
  Eustachio (D:5)
  Menkaure (D:5)
  Edmund (D:5)
  2 phantoms
  2 ogres (D:4)
  A gnoll sergeant (D:5)
  2 scorpions
  A howler monkey (D:5)
  A quasit (D:5)
  A hound (D:4)
  A jelly (D:5)
  An iguana (D:4)
  2 worker ants (D:4)
  A worker ant zombie (D:5)
  A howler monkey zombie (D:5)
  10 adders
  9 gnolls
  A shadow imp (D:5)
  An ooze (D:1)
  A worm (D:2)
  3 dart slugs
  4 leopard geckos
  11 orcs
  5 giant cockroaches
  A goblin (D:1)
  3 hobgoblins
  2 jackals (D:2)
  5 kobolds
  A ball python (D:5)
  8 bats
  5 frilled lizards
  12 rats
102 creatures vanquished.

Vanquished Creatures (others)
  A quokka (D:4)
1 creature vanquished.

Grand Total: 103 creatures vanquished

Notes
Turn   | Place    | Note
-------+----------+-------------------------------------------
     0 | D:1      | Laan the Gargoyle Gladiator began the quest for the Orb.
     0 | D:1      | Reached XP level 1. HP: 12/12 MP: 1/1
   224 | D:1      | Reached XP level 2. HP: 14/18 MP: 2/2
   226 | D:1      | Reached skill level 3 in Polearms
   390 | D:1      | Reached skill level 1 in Armour
   741 | D:2      | Reached XP level 3. HP: 18/22 MP: 3/3
  1038 | D:2      | Found an ornate altar of the Wu Jian Council.
  1242 | D:2      | Reached XP level 4. HP: 24/28 MP: 4/4
  1371 | D:2      | Found a bloodstained altar of Trog.
  1651 | D:3      | Reached skill level 4 in Polearms
  1701 | D:3      | Reached XP level 5. HP: 28/32 MP: 5/5
  2082 | D:4      | Found Heulau's General Store.
  2222 | D:4      | Noticed a phantom
  2226 | D:4      | Noticed an ogre
  2248 | D:4      | Killed an ogre
  2248 | D:4      | Reached XP level 6. HP: 17/38 MP: 6/6
  2539 | D:4      | Killed a phantom
  2539 | D:4      | Reached skill level 5 in Polearms
  2680 | D:4      | Found a runed translucent gate.
  2681 | D:4      | Found a runed translucent gate.
  2694 | D:4      | Reached XP level 7. HP: 15/44 MP: 7/7
  3026 | D:4      | Got a bloodstained ring mail
  3027 | D:4      | Identified the +0 ring mail of the Tundras {rElec rC-
                  | Str+6} (You found it on level 4 of the Dungeon)
  3125 | D:4      | Found a runed translucent gate.
  3127 | D:4      | Noticed martbhell's ghost (amateur MiBe)
  3367 | D:5      | Entered Level 5 of the Dungeon
  3393 | D:5      | Noticed Menkaure
  3413 | D:5      | Killed Menkaure
  3413 | D:5      | Reached skill level 6 in Polearms
  3731 | D:5      | Reached skill level 5 in Fighting
  3764 | D:5      | Reached XP level 8. HP: 21/49 MP: 8/8
  3977 | D:5      | Noticed Eustachio
  4048 | D:5      | Killed Eustachio
  4089 | D:5      | Noticed Sigmund
  4108 | D:5      | Killed Sigmund
  4108 | D:5      | Reached skill level 5 in Armour
  4316 | D:5      | Reached skill level 7 in Polearms
  4525 | D:5      | Noticed Edmund
  4535 | D:5      | Killed Edmund
  4732 | D:6      | Mangled by an ogre

Skill      XL: |  1  2  3  4  5  6  7  8 |
---------------+-------------------------+-----
Polearms       | 3 4 5 6 7 |  7.5
Armour         | 1 2 3 4 5 |  5.6
Fighting       | 3 4 5 6 |  6.2
Throwing       | |  1.7
Dodging        | |  2.4

Action                   |  1- 3 |  4- 6 |  7- 9 || total
-------------------------+-------+-------+-------++-------
Melee: Trident           |   128 |   188 |   221 ||   537
       Scythe            |       |       |    43 ||    43
  Use: Scroll            |       |     7 |     3 ||    10
       Potion            |       |     1 |       ||     1
  Eat: Chunk             |     1 |     5 |     7 ||    13
Armor: Leather armour    |    33 |       |       ||    33
       Ring mail         |    18 |    30 |       ||    48
       Scale mail        |       |    45 |   216 ||   261
Dodge: Dodged            |    74 |   102 |   193 ||   369
